 Dungeon Crawl Stone Soup version 0.17-a0-1262-gd250d98 (webtiles) character file.

364 Xvorost the Changer (level 6, -5/48 HPs)
             Began as a Draconian Transmuter on June 6, 2015.
             Succumbed to HEYYEYAAE's ghost's poison
             ... on level 5 of the Dungeon.
             The game lasted 00:17:44 (4075 turns).

Xvorost the Changer (Draconian Transmuter)          Turns: 4075, Time: 00:17:45

Health: -5/48      AC:  2    Str: 13    XL:     6   Next: 39%
Magic:  7/9        EV: 19    Int: 15    God:
Gold:   126        SH:  0    Dex: 16    Spells: 3 memorised, 3 levels left

rFire  + . .     SeeInvis .       - Unarmed
rCold  . . .     Clarity  .     (armour unavailable)
rNeg   . . .     SustAt   .     (shield currently unavailable)
rPois  x         Gourm    .     (helmet currently unavailable)
rElec  .         Spirit   .     (cloak currently unavailable)
rCorr  .         Warding  .     (gloves currently unavailable)
rMut   .         Stasis   .     (boots currently unavailable)
MR     .....                    (no amulet)
Stlth  +.........               (no ring)
                                l - ring of protection from fire {rF+, !d}

@: lethally poisoned (-5 -> -61), spider-form (expiring), not resistant to
hostile enchantments, very unstealthy
A: unfitting armour, (cold-blooded), AC +6
a: End Transformation


You were on level 5 of the Dungeon.
You were hungry.
You were a venomous arachnid creature.
You visited 1 branch of the dungeon, and saw 5 of its levels.

You collected 126 gold pieces.

Inventory:

Missiles
 a - 18 arrows (quivered)
 h - 34 poisoned needles
Jewellery
 l - a ring of protection from fire (left front leg) {rF+, !d}
   (You found it on level 2 of the Dungeon)
Scrolls
 e - 4 scrolls of remove curse
 j - 2 scrolls of identify
 o - 2 scrolls of amnesia
Potions
 g - a potion of invisibility
 n - a potion of ambrosia {!q}
Books
 b - a book of Changes
Comestibles
 c - 3 bread rations {@e1}
 d - 6 fruits
 f - 2 beef jerkies
 i - a meat ration {@e2}
 k - a slice of pizza


   Skills:
 - Level 2.0 Fighting
 - Level 2.0 Dodging
 - Level 3.7 Unarmed Combat
 - Level 2.0 Spellcasting
 * Level 6.2 Transmutations


You had 3 spell levels left.
You knew the following spells:

 Your Spells              Type           Power        Failure   Level  Hunger
a - Beastly Appendage     Trmt           ###...       8%          1    #......
c - Spider Form           Trmt/Pois      ##........   41%         3    ###....
s - Sticks to Snakes      Trmt           ###.......   10%         2    ###....


Dungeon Overview and Level Annotations

Branches:
Dungeon (5/15)
 Temple: D:4-7

Altars:
Vehumet
Yredelemnul

Annotations:
D:4 HEYYEYAAE's ghost, experienced HuAE


Innate Abilities, Weirdness & Mutations

((Your plain brown scales are hard (AC +6).))
Your body does not fit into most forms of armour.
((You are cold-blooded and may be slowed by cold attacks.))


Message History

You see here a war axe.
Your magical contamination has completely faded away.
Found a stone staircase leading down.
A hobgoblin comes into view. It is wielding a club.
The hobgoblin shouts!
You closely miss the hobgoblin. You hit the hobgoblin but do no damage.
The hobgoblin barely misses you.
You hit the hobgoblin. The hobgoblin misses you.
You barely miss the hobgoblin.
The hobgoblin hits you but does no damage.
You hit the hobgoblin. The hobgoblin misses you.
You hit the hobgoblin but do no damage. The hobgoblin closely misses you.
You closely miss the hobgoblin. You hit the hobgoblin.
You kill the hobgoblin!
No target in view!
No target in view!
Found a basalt altar of Yredelemnul.
Casting: Sticks to Snakes You don't know that spell.
Casting: Sticks to Snakes
Okay, then.
Number of times to repeat, then command key: You must enter the number of times for the command to repeat.
Found an escape hatch in the ceiling.
HEYYEYAAE's ghost (experienced Human Air Elementalist) comes into view.
It is wielding a weapon of venom. 3 orcs come into view.
The orc shouts!
You see here a scroll labeled HYSKEU RUXUTZAETZA.
HEYYEYAAE's ghost turns its malevolent gaze towards you.
There is a stone staircase leading down here.
You climb downwards.
You hear the sound of rushing water.
There is an entrance to a sewer on this level.
Hurry and find it before the portal rusts away!
There is a stone staircase leading up here.
Casting: Sticks to Snakes You miscast Spider Form.
You are very lightly contaminated with residual magic.
Your skin tingles.
You are feeling hungry.
You now have 6/9 mp.
You start resting.
Your magical contamination has completely faded away.
You regained 2 mp, and now have 8/9 mp.
Sorry, you're not good enough to have a special ability.
There isn't anything here!
You turn into a venomous arachnid creature.
You now have 5/9 mp.
You climb upwards.
Level annotation: HEYYEYAAE's ghost, experienced HuAE
There is a stone staircase leading down here.
You barely miss HEYYEYAAE's ghost.
HEYYEYAAE's ghost is surrounded by a shower of sparks.
HEYYEYAAE's ghost gestures wildly while chanting.
The orc is struck by lightning.
The lightning arcs!
HEYYEYAAE's ghost is struck by lightning.
The lightning grounds out.
You are struck by lightning.
The lightning arcs!
HEYYEYAAE's ghost is struck by lightning.
The lightning arcs!
The orc is struck by lightning.
The orc dies!
The lightning grounds out.
You take 7 damage, and have 41/48 hp.
You barely miss HEYYEYAAE's ghost. HEYYEYAAE's ghost closely misses you.
You closely miss HEYYEYAAE's ghost.
Your transformation is almost over.
HEYYEYAAE's ghost hits you.
You take 1 damage, and have 40/48 hp.
You hit HEYYEYAAE's ghost but do no damage.
HEYYEYAAE's ghost barely misses you.
You hit HEYYEYAAE's ghost. HEYYEYAAE's ghost hits you.
You are poisoned.
You take 3 damage, and have 37/48 hp.
You closely miss HEYYEYAAE's ghost.
You feel sick. HEYYEYAAE's ghost barely misses you.
You take 2 damage, and have 35/48 hp.
You bite HEYYEYAAE's ghost!
You feel sick. HEYYEYAAE's ghost hits you!
You are lethally poisoned!
You take 9 damage, and have 26/48 hp.
You hit HEYYEYAAE's ghost but do no damage.
You feel very sick.
HEYYEYAAE's ghost casts a spell.
You are struck by lightning.
The lightning arcs!
HEYYEYAAE's ghost is struck by lightning.
The lightning arcs!
You are struck by lightning.
* * * LOW HITPOINT WARNING * * *
The lightning grounds out.
You take 13 damage, and have 13/48 hp.
MASSIVE DAMAGE!!
* * * LOW HITPOINT WARNING * * *
You feel very sick.
There is a stone staircase leading down here.
You take 3 damage, and have 10/48 hp.
* * * LOW HITPOINT WARNING * * *
You feel sick. HEYYEYAAE's ghost hits you!
* * * LOW HITPOINT WARNING * * *
You are more poisoned.
You climb downwards.
You hear the sound of rushing water.
There is an entrance to a sewer on this level.
Hurry and find it before the portal rusts away!
You die...

# #. ##..
#!...
#.....####.#
#......s...#
#.....###..#
#.... .#
#### #


There were no monsters in sight!

Vanquished Creatures
  Sigmund (D:3)
  The ghost of HEYYEYAAE the Gusty, an average HuAE (D:3)
  A worker ant (D:3)
  2 adders (D:2)
  An ooze (D:1)
  5 worms
  A giant gecko (D:3)
  2 orcs (D:3)
  2 ball pythons (D:2)
  4 giant cockroaches
  7 hobgoblins
  A jackal (D:3)
  3 kobolds
  8 bats
  6 giant newts
  11 goblins
  5 rats
61 creatures vanquished.

Vanquished Creatures (collateral kills)
  Robin (D:3)
  An orc (D:3)
  5 goblins (D:3)
  A hobgoblin (D:3)
  2 jackals (D:3)
  A kobold (D:3)
  A quokka (D:3)
  A giant newt (D:3)
13 creatures vanquished.

Vanquished Creatures (others)
  An orc (D:4)
1 creature vanquished.

Grand Total: 75 creatures vanquished

Notes
Turn   | Place    | Note
--------------------------------------------------------------
     0 | D:1      | Xvorost the Draconian Transmuter began the quest for the Orb.
     0 | D:1      | Reached XP level 1. HP: 16/16 MP: 3/3
     5 | D:1      | Noticed a formicid
     7 | D:1      | Noticed a ghoul
     7 | D:1      | Noticed a demonspawn
     9 | D:1      | Noticed a human
     9 | D:1      | Noticed an octopode
    11 | D:1      | Noticed a tengu
    11 | D:1      | Noticed a gargoyle
    13 | D:1      | Noticed a demigod
    13 | D:1      | Noticed a dwarf
    15 | D:1      | Noticed an elf
    15 | D:1      | Noticed a merfolk
    17 | D:1      | Noticed a spriggan
    17 | D:1      | Noticed a centaur
    19 | D:1      | Noticed a troll
    19 | D:1      | Noticed a felid
    21 | D:1      | Noticed a vine stalker
    23 | D:1      | Noticed an ogre
    23 | D:1      | Noticed a naga
    27 | D:1      | Noticed a draconian
    27 | D:1      | Noticed a minotaur
    29 | D:1      | Noticed a vampire
   490 | D:1      | Reached XP level 2. HP: 20/23 MP: 5/5
  1294 | D:2      | HP: 4/24 [worm (9)]
  1542 | D:1      | Learned a level 2 spell: Sticks to Snakes
  1603 | D:2      | Reached XP level 3. HP: 13/29 MP: 6/6
  1789 | D:2      | Reached skill level 2 in Dodging
  1806 | D:2      | Reached skill level 2 in Fighting
  1875 | D:2      | Reached skill level 3 in Transmutations
  2139 | D:3      | Learned a level 3 spell: Spider Form
  2274 | D:3      | Noticed HEYYEYAAE's ghost (average HuAE)
  2309 | D:3      | Killed HEYYEYAAE's ghost
  2309 | D:3      | Reached skill level 4 in Transmutations
  2309 | D:3      | Reached XP level 4. HP: 9/36 MP: 3/7
  2309 | D:3      | Reached XP level 5. HP: 10/41 MP: 3/8
  2578 | D:3      | Noticed Robin
  2604 | D:3      | Killed Robin
  2719 | D:3      | Found a radiant altar of Vehumet.
  3041 | D:3      | HP: 7/41 [worker ant (4)]
  3050 | D:3      | HP: 10/41 [worker ant (5)]
  3051 | D:3      | Reached skill level 5 in Transmutations
  3469 | D:3      | Noticed Sigmund
  3487 | D:3      | Killed Sigmund
  3487 | D:3      | Reached skill level 6 in Transmutations
  3487 | D:3      | Reached XP level 6. HP: 25/48 MP: 2/9
  3996 | D:4      | Found a basalt altar of Yredelemnul.
  4018 | D:4      | Noticed HEYYEYAAE's ghost (experienced HuAE)
  4037 | D:5      | Entered Level 5 of the Dungeon
  4073 | D:4      | HP: 10/48 [poisoned by HEYYEYAAE's ghost]
  4074 | D:4      | HP: 1/48 [HEYYEYAAE's ghost (7)]
  4075 | D:5      | Succumbed to HEYYEYAAE's ghost's poison

Vault maps used:
D:1:      kb_arrival_jail, solitary_fountain, due_unseen_surprise
D:3:      lemuel_doored_altar, first_bread, uniq_sigmund, uniq_robin
D:4:      lemuel_round_altar, minitemple
D:5:      portal_sewer_entry_b, kennysheep_diamond, minivault_27

Action                   |  1- 3 |  4- 6 || total
-------------------------+-------+-------++-------
Melee: Unarmed           |   160 |   145 ||   305
 Cast: Beastly Appendage |     6 |     2 ||     8
       Sticks to Snakes  |     5 |     9 ||    14
       Spider Form       |       |     2 ||     2
  Use: Potion            |       |     3 ||     3
       Scroll            |       |     6 ||     6
 Stab: Sleeping          |       |     2 ||     2
  Eat: Chunk             |     5 |     6 ||    11

Vault maps used:
D:1:      kb_arrival_jail, solitary_fountain, due_unseen_surprise
D:3:      lemuel_doored_altar, first_bread, uniq_sigmund, uniq_robin
D:4:      lemuel_round_altar, minitemple
D:5:      portal_sewer_entry_b, kennysheep_diamond, minivault_27

Table legend:
 A = Turns spent in this place as a percentage of turns spent in the entire game.
 B = Non-inter-level travel turns spent in this place as a percentage of non-inter-level travel turns spent in the entire game.
 C = Inter-level travel turns spent in this place as a percentage of turns spent in this place.
 D = Turns resting spent in this place as a percentage of non-inter-level travel turns spent in this place.
 E = Turns spent auto-exploring this place as a percentage of non-inter-level travel turns spent in this place.
 F = Non-inter-level travel turns spent in this place divided by the number of levels of this place that you've seen.
                   A       B       C       D       E      F
               +-------+-------+-------+-------+-------+----------------------
         Total | 100.0 | 100.0 |   0.3 |   2.4 |   7.8 | 225.6
       Dungeon | 100.0 | 100.0 |   0.3 |   2.4 |   7.8 | 225.6
               +-------+-------+-------+-------+-------+----------------------

Table legend:
 A = Kills in this place as a percentage of kills in entire the game.
 B = Kills by you in this place as a percentage of kills by you in the entire game.
 C = Kills by friends in this place as a percentage of kills by friends in the entire game.
 D = Other kills in this place as a percentage of other kills in the entire game.
 E = Experience gained in this place as a percentage of experience gained in the entire game.
 F = Experience gained in this place divided by the number of levels of this place that you have seen.
                   A       B       C       D       E      F
               +-------+-------+-------+-------+-------+----------------------
         Total | 100.0 | 100.0 | 100.0 |  -nan | 100.0 | 104.2
       Dungeon | 100.0 | 100.0 | 100.0 |  -nan | 100.0 | 104.2
               +-------+-------+-------+-------+-------+----------------------
